 Dungeon Crawl Stone Soup version 0.29-a0-664-gff9cad4a3d (webtiles) character file.

Game seed: 7051525256428638888

226 buhh the Bolt Thrower (level 6, 0/44 HPs)
             Began as a Formicid Hunter on June 22, 2022.
             Slain by a white imp (4 damage)
             ... on level 7 of the Dungeon.
             The game lasted 00:05:56 (2944 turns).

buhh the Bolt Thrower (Formicid Hunter)             Turns: 2944, Time: 00:05:56

Health: 0/44       AC:  4    Str: 16    XL:     6   Next: 21%
Magic:  6/6        EV: 16    Int: 10    God:
Gold:   284        SH:  0    Dex: 23    Spells: 5/5 levels left

rFire   . . .      SeeInvis +   a - +1 hand crossbow
rCold   . . .      Faith    .   (no shield)
rNeg    . . .      Spirit   .   b - +0 leather armour
rPois   .          Reflect  .   (helmet unavailable)
rElec   .          Harm     .   (no cloak)
rCorr   .          Rampage  .   j - +0 pair of gloves
Will    .....                   (no boots)
Stlth   ++........              (no amulet)
HPRegen 0.14/turn               i - +4 ring of evasion
MPRegen 0.10/turn               h - +6 ring of dexterity

@: no status effects
A: permanent stasis, dig shafts and tunnels, antennae 3, four strong arms
a: Dig, Shaft Self


You were on level 7 of the Dungeon.
You visited 1 branch of the dungeon, and saw 7 of its levels.

You collected 284 gold pieces.

Inventory:

Hand Weapons
 a - a +1 hand crossbow (weapon)
Armour
 b - a +0 leather armour (worn)
 j - a +0 pair of gloves (worn)
Jewellery
 h - a +6 ring of dexterity (right hand)
 i - a +4 ring of evasion (left hand)
 p - a ring of flight
 s - an amulet of guardian spirit
Wands
 f - a wand of flame (11)
 F - a wand of iceblast (4)
Scrolls
 e - a scroll of enchant armour {unknown}
 g - a scroll of identify {!d}
 k - a scroll of magic mapping {unknown}
 l - a scroll of fear {unknown}
 T - a scroll of immolation {!d}
 X - a scroll of amnesia
Potions
 c - a potion of mutation {unknown}
 d - a potion of flight {unknown}
 m - a potion of degeneration {unknown}
 n - a potion of ambrosia {unknown}
 o - a potion of brilliance {unknown}
 q - 2 potions of might {unknown}
 r - 2 potions of curing {unknown}


   Skills:
 - Level 2.1 Fighting
 + Level 7.0 Crossbows
 - Level 1.7 Dodging
 - Level 1.2 Stealth


You had 5 spell levels left.
You didn't know any spells.
Your spell library contained the following spells:

 Spells                   Type           Power      Damage    Failure   Level
 Magic Dart               Conj           0%         1d3       43%         1
 Searing Ray              Conj           0%         2d4       56%         2
 Fulminant Prism          Conj/Hex       0%         3d6       99%         4


Dungeon Overview and Level Annotations

Branches:
Dungeon (5/15) Zot: 26937
 Temple: D:4-7

Altars:
Elyvilon
Kikubaaqudgha
Qazlal
Wu Jian
Yredelemnul

Annotations:
D:7 1 runed translucent door


Innate Abilities, Weirdness & Mutations

You cannot be hasted, slowed, berserked, paralysed or teleported.
You can dig through walls and to a lower floor.
You have a pair of large antennae on your head. (SInv)
Your four strong arms can wield two-handed weapons with a shield.


Message History

You shoot a bolt. The bolt hits the white imp.
The white imp is almost dead.
The white imp hits you but does no damage.
The white imp barely misses you.
Shoot: a) +1 hand crossbow
Press: ? - help, Q - select action, (/) - cycle Shift-Dir - straight line, f/p - white imp
Aim: a white imp (almost dead, 69% to hit)
You shoot a bolt. The bolt closely misses the white imp.
The white imp completely misses you.
Shoot: a) +1 hand crossbow
Press: ? - help, Q - select action, (/) - cycle Shift-Dir - straight line, f/p - white imp
Aim: a white imp (almost dead, 69% to hit)
You shoot a bolt. The bolt barely misses the white imp.
The white imp hits you but does no damage.
Shoot: a) +1 hand crossbow
Press: ? - help, Q - select action, (/) - cycle Shift-Dir - straight line, f/p - white imp
Aim: a white imp (almost dead, 69% to hit)
You shoot a bolt.
The bolt completely misses the white imp.
The white imp closely misses you.
Shoot: a) +1 hand crossbow
Press: ? - help, Q - select action, (/) - cycle Shift-Dir - straight line, f/p - white imp
Aim: a white imp (almost dead, 69% to hit)
You shoot a bolt. The bolt barely misses the white imp.
The white imp gestures at you. The puff of frost hits you!
* * * LOW HITPOINT WARNING * * *
Shoot: a) +1 hand crossbow
Press: ? - help, Q - select action, (/) - cycle Shift-Dir - straight line, f/p - white imp
Aim: a white imp (almost dead, 69% to hit)
You shoot a bolt. The bolt barely misses the white imp.
The white imp misses you.
Shoot: a) +1 hand crossbow
Press: ? - help, Q - select action, (/) - cycle Shift-Dir - straight line, f/p - white imp
Aim: a white imp (almost dead, 69% to hit)
You shoot a bolt. The bolt barely misses the white imp.
The white imp hits you.
* * * LOW HITPOINT WARNING * * *
The white imp freezes you.
You die...

#...#..........#....
#...#)##..#......###
#.....###........#3+
#...######o...##.#
#...# #............
#...# #............
##..# #............
##.# ###.#........ #@#
...........
#......5......#.......#
#.#######.###.#......#.
# #.# ..... {


You could see a white imp.

Vanquished Creatures
  A scorpion (D:5)
  An iguana (D:4)
  3 gnolls
  3 adders
  3 worms
  2 dart slugs
  2 orcs
  5 endoplasms
  A giant cockroach (D:2)
  6 goblins
  3 hobgoblins
  5 quokkas
  12 ball pythons
  5 bats
  6 frilled lizards
  7 kobolds
  11 rats
76 creatures vanquished.

Notes
Turn   | Place    | Note
-------+----------+-------------------------------------------
     0 | D:1      | buhh the Formicid Hunter began the quest for the Orb.
     0 | D:1      | Reached XP level 1. HP: 16/16 MP: 1/1
    75 | D:1      | Reached XP level 2. HP: 22/22 MP: 2/2
   363 | D:1      | Reached XP level 3. HP: 27/27 MP: 3/3
   602 | D:1      | Found a faded altar of an unknown god.
   740 | D:2      | Reached skill level 5 in Crossbows
   880 | D:2      | Reached XP level 4. HP: 33/33 MP: 4/4
  1711 | D:3      | Reached XP level 5. HP: 38/38 MP: 5/5
  1766 | D:3      | Reached skill level 6 in Crossbows
  1812 | D:3      | Found a stormy altar of Qazlal.
  2550 | D:4      | Noticed a phantom
  2559 | D:5      | Entered Level 5 of the Dungeon
  2577 | D:5      | Found an ornate altar of the Wu Jian Council.
  2577 | D:5      | Found an ancient bone altar of Kikubaaqudgha.
  2585 | D:5      | Found a basalt altar of Yredelemnul.
  2587 | D:5      | Found a white marble altar of Elyvilon.
  2589 | D:5      | Found a faded altar of an unknown god.
  2632 | D:5      | Noticed a water moccasin
  2680 | D:5      | Reached skill level 7 in Crossbows
  2680 | D:5      | Reached XP level 6. HP: 44/44 MP: 6/6
  2693 | D:5      | You fall into a shaft and drop 1 floor!
  2885 | D:6      | You fall into a shaft and drop 1 floor!
  2909 | D:7      | Noticed a sixfirhy
  2910 | D:7      | Found a runed translucent door.
  2944 | D:7      | Slain by a white imp

Illustrated notes

Levels and vault maps discovered:
D:1:      lightli_arrival_quake, layout_loops_ring,
          shapermc_ecumenical_altar_notcrosses, lemuel_old_faithful
D:2:      layout_basic, serial_glass, glass_columns_a, glass_columns_b,
          glass_columns_a, glass_columns_a, glass_columns_b, glass_columns_b
D:3:      layout_basic, nicolae_qazlal_general_emergency
D:4:      layout_cave_pools, nzn_hepliaklqana_mist_gate, minivault_23,
          uniq_sigmund
D:5:      layout_loops_ring, chequers_temple_overflow_minitemple,
          minmay_temple_entry_junction, nrook_campfire,
          minmay_hollow_rounded_squares
D:6:      layout_loops_corners, serial_undead, serial_undead_a, serial_undead_c,
          serial_undead_c, serial_undead_f, serial_undead_b, serial_undead_d,
          kennysheep_another_room, uniq_prince_ribbit1, uniq_crazy_yiuf_cottage,
          uniq_menkaure
D:7:      cheibrodos_shockbox, layout_rooms, minmay_misc_feat_chi, uniq_joseph

Skill      XL: |  1  2  3  4  5 |
---------------+----------------+-----
Crossbows      | 5 7 |  7.0
Fighting       | |  2.1
Dodging        | |  1.7
Stealth        | |  1.2

Action                   |  1- 3 |  4- 6 || total
-------------------------+-------+-------++-------
 Fire: Hand crossbow     |    73 |   102 ||   175
 Abil: Dig               |     1 |       ||     1
       Shaft Self        |       |     2 ||     2
  Use: Scroll            |     3 |       ||     3
Armor: Leather armour    |       |     4 ||     4
Dodge: Dodged            |    11 |    27 ||    38

Table legend: (Time is in decaauts)
 A = Elapsed time spent in this place.
 B = Non-inter-level travel time spent in this place.
 C = Inter-level travel time spent in this place.
 D = Time resting spent in this place.
 E = Time spent auto-exploring this place.
 F = Levels seen in this place.
 G = Mean time per level.
                   A        B        C        D        E       F      G
               +--------+--------+--------+--------+--------+-----+--------+
         Total |   2991 |   2787 |    204 |    154 |   2138 |   7 |  427.3 |
       Dungeon |   2991 |   2787 |    204 |    154 |   2138 |   7 |  427.3 |
               +--------+--------+--------+--------+--------+-----+--------+

Top non-repeatable levels by time:
     D:3: 941 daAuts
     D:2: 717 daAuts
     D:1: 712 daAuts
     D:4: 231 daAuts
     D:6: 191 daAuts
     D:5: 134 daAuts
     D:7: 61 daAuts
